[Event "Team 45 45 League T72"]
[Site "Internet Chess Club"]
[Date "2017.04.02"]
[Round "3"]
[White "Littlemon"]
[Black "kidviper"]
[Result "1/2-1/2"]
[WhiteElo "1605"]
[BlackElo "1878"]
[Opening "Nimzo-Indian: 4.e3"]
[ECO "E40"]
[Time "14:07:27"]
[TimeControl "2700+45"]

1. d4 Nf6 2. c4 e6 3. Nc3 Bb4 4. e3 d5 5. Ne2 O-O 6. a3 Bxc3+ 7. Nxc3 b6 8. cxd5
Nxd5 9. Be2 Bb7 10. Bf3 Nxc3 11. bxc3 Bxf3 12. Qxf3 Nd7 13. O-O c5 14. Bb2 c4
15. a4 Qc7 16. Ba3 Rfe8 17. Bb4 Rac8 18. Rfb1 Nf6 19. a5 Nd5 20. axb6 axb6 21.
e4 Nf4 22. e5 Nd5 23. Bd6 Qb7 24. Rb5 Ra8 25. Rab1 Qd7 26. g3 h6 27. h4 Ra2 28.
R5b2 Rea8 29. Bb4 Qa4 30. Qe4 Rxb2 31. Rxb2 Qd1+ 32. Kh2 Ra1 33. Re2 Rc1 34. Ra2
g6 35. Ra8+ Kg7 36. Bf8+ Kh7 37. Ra7 Qg1+ 38. Kh3 Qf1+ 39. Kg4 Qd1+ 40. Kh3 Qh1+
41. Qxh1 Rxh1+ 42. Kg2 Rd1 43. Rxf7+ Kg8 44. Rf3 Rd3 45. Rxd3 cxd3 46. Bxh6 Nxc3
47. Kf1 b5 48. Ke1 b4 49. Bc1 Ne4 50. f3 Nxg3 51. Kd2 Nf5 52. Kxd3 Nxh4 53. f4
Nf5 54. Bb2 Ne7 55. Kc4 Nd5 56. Bc1 Kf7 57. Bd2 Kg7 58. Bc1 Kf7 59. Bd2 Kg7
{Game drawn by mutual agreement} 1/2-1/2

[Event "Team 45 45 League T72"]
[Site "Internet Chess Club"]
[Date "2017.04.04"]
[Round "3"]
[White "kidcobra"]
[Black "moodle"]
[Result "1-0"]
[WhiteElo "1852"]
[BlackElo "1626"]
[Opening "Scandinavian defense"]
[ECO "B01"]
[Time "19:26:43"]
[TimeControl "2700+45"]

1. e4 d5 2. exd5 Nf6 3. Nc3 Nxd5 4. Bc4 Nf6 5. h3 g6 6. Nf3 Bg7 7. d4 O-O 8. O-O
Nc6 9. Re1 Bf5 10. a3 a6 11. Bf4 Ne8 12. g4 Bc8 13. Ne2 Nd6 14. Ba2 Nb5 15. c3
e6 16. Ng3 Ne7 17. Be5 Nd6 18. Qe2 b6 19. Rad1 Bb7 20. Bxg7 Kxg7 21. Ne5 Nd5 22.
Nd3 Qh4 23. Kh2 Rfe8 24. f4 Rac8 25. Qf2 Kg8 26. Ne5 h6 27. Bxd5 Bxd5 28. Rg1
Bb3 29. Rde1 Qf6 30. Ref1 Bc4 31. Nxc4 Nxc4 32. Ne4 Qe7 33. g5 hxg5 34. fxg5 Kg7
35. Qg3 Rh8 36. b3 Nxa3 37. Qe5+ Kg8 38. Nf6+ Kf8 39. Nd7+ Qxd7 40. Qxh8+ Ke7
41. Qf6+ Ke8 42. Qg7 Nb5 43. Qg8+ Ke7 44. Rxf7+ {Black resigns} 1-0

[Event "Team 45 45 League T72"]
[Site "Internet Chess Club"]
[Date "2017.04.03"]
[Round "3"]
[White "Srijan13"]
[Black "BJJ"]
[Result "1-0"]
[WhiteElo "1462"]
[BlackElo "1404"]
[Opening "Queen's Indian: 4.e3"]
[ECO "E14"]
[Time "19:10:34"]
[TimeControl "2700+45"]

1. d4 Nf6 2. c4 e6 3. Nf3 b6 4. e3 Bb7 5. Be2 Bb4+ 6. Bd2 Bxd2+ 7. Nbxd2 O-O 8.
O-O d5 9. Rc1 dxc4 10. Nxc4 Nbd7 11. Nce5 Nxe5 12. Nxe5 Nd5 13. Bf3 Rc8 14. Nc6
Bxc6 15. Rxc6 Qd7 16. Bxd5 Qxd5 17. Qa4 b5 18. Qa6 Rfd8 19. Rfc1 Qe4 20. Qxb5
Rb8 21. Qe2 h6 22. Rxc7 Qg6 23. Rxa7 h5 24. Rcc7 Rf8 25. Qc2 Qg4 26. h3 Qg5 27.
b3 g6 28. Qc5 Qh6 29. h4 g5 30. Qxg5+ Qxg5 31. hxg5 Kg7 32. Rab7 Rbd8 33. a3 Rd5
34. Rc5 Rd6 35. a4 Kg6 36. a5 f5 37. gxf6 Rxf6 38. Rb6 Rd8 39. a6 Rdf8 40. f3 h4
41. a7 h3 42. gxh3 Kh6 43. f4 Rg6+ 44. Rg5 Rgf6 45. Rb8 R8f7 46. Rh8+ Rh7 47.
Rxh7+ Kxh7 48. a8=Q Rg6 49. Rxg6 Kxg6 50. Qg8+ Kf5 51. Qg5+ Ke4 52. Kf2 e5 53.
Qxe5+ Kd3 54. Qf5+ Kd2 55. Qb5 Kc3 56. Ke2 Kb2 57. Kd2 Ka3 58. Kc2 Ka2 59. Qa4#
{Black checkmated} 1-0

[Event "Team 45 45 League T72"]
[Site "Internet Chess Club"]
[Date "2017.04.02"]
[Round "3"]
[White "KidBoa"]
[Black "MasterD"]
[Result "0-1"]
[WhiteElo "1277"]
[BlackElo "1517"]
[Opening "Sicilian defense"]
[ECO "B30"]
[Time "19:04:11"]
[TimeControl "2700+45"]

1. e4 c5 2. Nf3 Nc6 3. Nc3 Nf6 4. Bc4 g6 5. O-O Bg7 6. d3 O-O 7. Re1 d6 8. d4
cxd4 9. Nxd4 Ne5 10. Bd3 Qb6 11. Ndb5 Bg4 12. Be2 Bd7 13. Be3 Qa5 14. Bd2 Qb6
15. Be3 Qc6 16. Nd5 Nxd5 17. Qxd5 Qxc2 18. Qxb7 Bc6 19. Qxe7 Qxe4 20. Qg5 Bf6
21. Nc3 Bxg5 22. Nxe4 Bxe3 23. Nxd6 Bd4 24. Rab1 Rfd8 25. Nc4 Nxc4 26. Bxc4 Kf8
27. h3 Re8 28. Red1 Bb6 29. b3 Rad8 30. Rxd8 Rxd8 31. a4 Rd2 32. Rf1 Be4 33. Bb5
Bd3 34. Bxd3 Rxd3 35. Rb1 Rd2 36. b4 Rxf2 37. Kh1 Rf4 38. a5 Bd8 39. Kh2 Ke7 40.
Kg3 Bc7 41. Re1+ Re4+ 42. Kf2 Bg3+ 43. Kxg3 Rxe1 44. b5 Rb1 45. b6 axb6 46. axb6
Rxb6 47. Kf4 f5 48. Kf3 Kf6 49. g3 Rb3+ 50. Kf2 h5 51. Kg2 Rb2+ 52. Kf3 g5 53.
h4 gxh4 54. gxh4 Rb4 55. Kg3 Rg4+ 56. Kf3 Rxh4 57. Kg3 Rg4+ 58. Kf3 h4 59. Kf2
h3 60. Kf3 h2 61. Kf2 h1=Q 62. Ke2 Qh3 63. Kf2 Rg2+ 64. Kf1 Qh1# {White
checkmated} 0-1

[Event "Team 45 45 League T72"]
[Site "Internet Chess Club"]
[Date "2017.04.04"]
[Round "3"]
[White "cadmiumorange"]
[Black "Packerfan"]
[Result "1/2-1/2"]
[WhiteElo "1856"]
[BlackElo "1781"]
[Opening "Réti opening"]
[ECO "A05"]
[Time "16:00:18"]
[TimeControl "2700+45"]

1. Nf3 Nf6 2. d3 d5 3. g3 g6 4. Bg2 Bg7 5. O-O O-O 6. Nbd2 e6 7. e4 dxe4 8. dxe4
b6 9. e5 Nd5 10. Ne4 Bb7 11. Bg5 Qd7 12. Qd2 f6 13. exf6 Nxf6 14. Nxf6+ Bxf6 15.
Bxf6 Qxd2 16. Nxd2 Bxg2 17. Kxg2 Rxf6 18. Ne4 Rf7 19. Ng5 Re7 20. Rfe1 e5 21. f4
Nc6 {Game drawn by mutual agreement} 1/2-1/2

[Event "Team 45 45 League T72"]
[Site "Internet Chess Club"]
[Date "2017.04.02"]
[Round "3"]
[White "tryanything"]
[Black "PolishRyszard"]
[Result "1-0"]
[WhiteElo "1603"]
[BlackElo "1761"]
[Opening "Sicilian: closed"]
[ECO "B23"]
[Time "04:52:36"]
[TimeControl "2700+45"]

1. e4 c5 2. Nc3 a6 3. Nf3 d6 4. g3 b5 5. Bg2 Bb7 6. d3 e6 7. O-O Nf6 8. b3 Nbd7
9. Bb2 Qc7 10. Re1 Be7 11. a4 b4 12. Ne2 e5 13. c4 bxc3 14. Nxc3 O-O 15. Rb1
Rab8 16. Ba1 Bc6 17. Nd2 Rb7 18. Qc2 Rfb8 19. h3 Nf8 20. Nd1 Ne6 21. Ne3 g6 22.
Nec4 Nh5 23. Bc3 Ra7 24. Rb2 Qd8 25. Reb1 Bd7 26. Ne3 Bg5 27. Nd5 Bc6 28. Nc4
Bxd5 29. exd5 Nd4 30. Bxd4 cxd4 31. b4 Rc8 32. Qe2 f5 33. a5 Qe7 34. Nb6 Rc3 35.
Rc2 Rac7 36. Rbb2 Qe8 37. Nc4 Rxc2 38. Rxc2 Qb8 39. Nb6 Bd8 40. Rc6 Rxc6 41.
dxc6 Bxb6 42. axb6 Qxb6 43. Qa2+ Kg7 44. Qa5 Qb8 45. Qxa6 Qg8 46. Qb7+ Kh6 47.
c7 Qb3 48. c8=Q Qd1+ 49. Bf1 f4 50. Qf8+ Ng7 51. Qbxg7+ {Black resigns} 1-0

[Event "Team 45 45 League T72"]
[Site "Internet Chess Club"]
[Date "2017.04.04"]
[Round "3"]
[White "KidRattler"]
[Black "clarinetref"]
[Result "1/2-1/2"]
[WhiteElo "1590"]
[BlackElo "1573"]
[Opening "English: symmetrical, Botvinnik system"]
[ECO "A36"]
[Time "08:07:40"]
[TimeControl "2700+45"]

1. c4 c5 2. Nc3 Nc6 3. g3 g6 4. Bg2 Bg7 5. e4 e6 6. Nge2 Nge7 7. O-O O-O 8. d3
a6 9. Be3 b6 10. d4 cxd4 11. Nxd4 Bb7 12. a3 Rc8 13. b3 Qc7 14. Rc1 d6 15. h4 h5
16. Bh3 Rcd8 17. Nxe6 fxe6 18. Bxe6+ Kh7 19. g4 Rf6 20. Bd5 Nxd5 21. Nxd5 Qf7
22. Nxf6+ Qxf6 23. Bg5 Qd4 24. Qxd4 Nxd4 25. Bxd8 Bxe4 26. f3 Nxf3+ 27. Rxf3
Bxf3 28. gxh5 Bd4+ 29. Kf1 Bxh5 30. Bc7 Bb2 31. Rc2 Bxa3 32. Ra2 Bc5 33. Rxa6
Bd1 34. Bxb6 Bxb3 35. Bxc5 Bxc4+ 36. Kf2 Bxa6 37. Bxd6 Kh6 38. Kg3 Bd3 39. Kg4
Bf5+ 40. Kf4 Kh5 41. Be7 Bc2 42. Bg5 Bf5 43. Ke5 Bb1 44. Kf6 Bf5 45. Kg7 Bc2
{Game drawn by mutual agreement} 1/2-1/2

[Event "Team 45 45 League T72"]
[Site "Internet Chess Club"]
[Date "2017.04.01"]
[Round "3"]
[White "Egmont"]
[Black "krysto"]
[Result "1-0"]
[WhiteElo "1681"]
[BlackElo "1599"]
[Opening "QGD: exchange, positional line"]
[ECO "D35"]
[Time "11:00:16"]
[TimeControl "2700+45"]

1. d4 Nf6 2. c4 e6 3. Nc3 d5 4. cxd5 exd5 5. Bg5 Be7 6. e3 O-O 7. Bd3 Re8 8. Nf3
Bg4 9. O-O Nbd7 10. h3 Bh5 11. Bf4 a6 12. Rb1 c5 13. g4 Nxg4 14. hxg4 Bxg4 15.
Nxd5 Rc8 16. Nxe7+ Qxe7 17. Bxh7+ Kf8 18. Bd3 Nf6 19. Be2 cxd4 20. Nxd4 Bxe2 21.
Qxe2 Qe4 22. Qf3 Qg6+ 23. Qg2 Qh7 24. Rfc1 Kg8 25. f3 Nd5 26. Qg5 Rc5 27. e4 f6
28. Qg4 Rxc1+ 29. Rxc1 Nxf4 30. Qxf4 Qg6+ 31. Kf2 Re5 32. Nf5 Qe8 33. Rc7 {Black
resigns} 1-0

[Event "Team 45 45 League T72"]
[Site "Internet Chess Club"]
[Date "2017.04.01"]
[Round "3"]
[White "scostanzo212"]
[Black "julesraider"]
[Result "0-1"]
[WhiteElo "1552"]
[BlackElo "1632"]
[Opening "King's Indian: orthodox, Aronin-Taimanov, 9.Ne1"]
[ECO "E98"]
[Time "13:30:53"]
[TimeControl "2700+45"]

1. d4 Nf6 2. c4 g6 3. Nc3 Bg7 4. e4 d6 5. Nf3 O-O 6. Be2 e5 7. O-O Nc6 8. d5 Ne7
9. Ne1 Ne8 10. f3 f5 11. Be3 f4 12. Bf2 g5 13. c5 Ng6 14. b4 h5 15. cxd6 cxd6
16. Rc1 Nf6 17. Nb5 g4 18. Nc7 g3 19. hxg3 fxg3 20. Bxg3 Rb8 21. Bf2 Bh6 22. Rc3
h4 23. Bxa7 Nh5 24. Bxb8 Ngf4 25. Ba7 Ng3 26. Rf2 h3 27. gxh3 Nxh3+ 28. Kg2 Qh4
29. f4 Nxf4+ 30. Rxf4 Qh3+ 31. Kf2 Rxf4+ 32. Rf3 Nxe4+ 33. Ke3 Rxf3+ 34. Kxe4
Bf5# {White checkmated} 0-1

[Event "Team 45 45 League T72"]
[Site "Internet Chess Club"]
[Date "2017.04.01"]
[Round "3"]
[White "losscause"]
[Black "Pawnchain"]
[Result "1/2-1/2"]
[WhiteElo "1477"]
[BlackElo "1446"]
[Opening "Queen's bishop game"]
[ECO "D02"]
[Time "14:00:50"]
[TimeControl "2700+45"]

1. d4 Nf6 2. Nf3 d5 3. Bf4 e6 4. e3 Nbd7 5. Bd3 h6 6. c4 b6 7. Nc3 Bb7 8. Nb5
Bb4+ 9. Nd2 O-O 10. Bxc7 Qc8 11. Bd6 Bxd6 12. Nxd6 Qc6 13. Nxb7 Qxb7 14. O-O
Rac8 15. Rc1 dxc4 16. Nxc4 Qc6 17. Nd2 Qxc1 18. Qxc1 Rxc1 19. Rxc1 Nd5 20. a3
Re8 21. g3 f5 22. Nf3 Kf7 23. e4 fxe4 24. Bxe4 N5f6 25. Bd3 Ke7 26. Rc7 Ra8 27.
Ne5 Kd6 28. Rc4 Nxe5 29. dxe5+ Kxe5 {Game drawn by mutual agreement} 1/2-1/2

[Event "Team 45 45 League T72"]
[Site "Internet Chess Club"]
[Date "2017.04.04"]
[Round "3"]
[White "JJ12"]
[Black "Percival"]
[Result "0-1"]
[WhiteElo "2055"]
[BlackElo "2035"]
[Opening "French: Fort Knox variation"]
[ECO "C10"]
[Time "20:03:55"]
[TimeControl "2700+45"]

1. e4 e6 2. d4 d5 3. Nc3 dxe4 4. Nxe4 Bd7 5. Nf3 Bc6 6. Bd3 Nd7 7. O-O Ngf6 8.
Qe2 Nxe4 9. Bxe4 Bxe4 10. Qxe4 c6 11. Rd1 Be7 12. b3 O-O 13. Bb2 Qa5 14. c4 Ba3
15. Bxa3 Qxa3 16. Qc2 Rac8 17. Nd2 Qe7 18. Rac1 Rfd8 19. Nb1 Nf6 20. Nc3 Rc7 21.
Rd3 Rcd7 22. Rcd1 h6 23. g3 Qb4 24. Na4 e5 25. dxe5 Rxd3 26. Rxd3 Qe1+ 27. Kg2
Qe4+ 28. f3 Qxd3 29. Qxd3 Rxd3 30. exf6 b6 31. fxg7 Rd2+ 32. Kh3 Rxa2 33. Nc3
Ra3 34. Ne4 Rxb3 35. Kg4 a5 36. Nd6 Kxg7 37. f4 a4 {White resigns} 0-1

[Event "Team 45 45 League T72"]
[Site "Internet Chess Club"]
[Date "2017.03.31"]
[Round "3"]
[White "Covy"]
[Black "Rhel"]
[Result "0-1"]
[WhiteElo "1909"]
[BlackElo "1773"]
[Opening "Grünfeld: 5.e3"]
[ECO "D94"]
[Time "16:01:03"]
[TimeControl "2700+45"]

1. d4 Nf6 2. c4 g6 3. Nf3 d5 4. Nc3 Bg7 5. e3 c6 6. Be2 O-O 7. O-O a6 8. Bd2
dxc4 9. Bxc4 Nbd7 10. Re1 b5 11. Bd3 c5 12. Rc1 Bb7 13. Ne2 e6 14. dxc5 Bxf3 15.
gxf3 Ne5 16. Nf4 Nxd3 17. Nxd3 Qxd3 18. e4 Nh5 19. Ba5 Qxd1 20. Rexd1 Bxb2 21.
Rc2 Be5 22. c6 Rfc8 23. c7 Nf4 24. Kf1 Kg7 25. Rd7 Nh5 26. h4 Nf6 27. Rd8 Ne8
28. Rd7 Ra7 29. Bb6 Rb7 30. Rd8 Rcxc7 31. Bxc7 Rxc7 32. Rxc7 Nxc7 33. Ke2 b4 34.
Ke3 Bf6 35. Rb8 Nb5 36. Ra8 Bxh4 37. Rxa6 Nc3 38. f4 Be7 39. f3 h5 {White
resigns} 0-1

[Event "Team 45 45 League T72"]
[Site "Internet Chess Club"]
[Date "2017.04.03"]
[Round "3"]
[White "KidRattler"]
[Black "ChessRooklift"]
[Result "1/2-1/2"]
[WhiteElo "1591"]
[BlackElo "1753"]
[Opening "English: symmetrical, Botvinnik system"]
[ECO "A36"]
[Time "17:07:56"]
[TimeControl "2700+45"]

1. c4 c5 2. Nc3 Nc6 3. g3 g6 4. Bg2 Bg7 5. e4 e5 6. Nge2 d6 7. O-O Nge7 8. d3
O-O 9. Nd5 Bg4 10. f3 Be6 11. f4 Qd7 12. Nec3 Nd4 13. fxe5 Bxd5 14. exd6 Be6 15.
dxe7 Rfe8 16. Be3 Rxe7 17. Bg5 Ree8 18. Bf6 Bh6 19. Bxd4 Qxd4+ 20. Kh1 Qd7 21.
Nd5 Bxd5 22. cxd5 Bg7 23. Qb3 Be5 24. Rf3 h5 25. Raf1 f6 26. h4 Kg7 27. Kh2 Rf8
28. Bh3 Qc7 29. Kg2 Rf7 30. Be6 Re7 31. R1f2 Rf8 32. Qc4 a6 33. a4 Qd6 34. Rc2
Rc7 35. g4 hxg4 36. Bxg4 Rh8 37. Rh3 Kf8 38. b4 cxb4 39. Qxc7 Qxc7 40. Rxc7 Bxc7
41. d4 Ke7 42. h5 gxh5 43. Rxh5 Rxh5 44. Bxh5 Bb6 45. Kf3 b3 46. Bg6 Bxd4 47. e5
fxe5 48. Be4 Kd6 49. Ke2 b2 50. Kd2 b1=Q 51. Bxb1 Kxd5 52. Bd3 e4 53. Be2 e3+
54. Kd3 b6 55. Kc2 a5 56. Bb5 Kc5 57. Kd3 Kd5 58. Bc4+ Ke5 59. Bb5 Bc5 60. Bc6
Kf4 61. Ke2 Kg3 62. Bd5 Kf4 63. Bc6 Kg3 64. Bb5 Kf4 65. Bc6 Kf5 66. Bb5 Ke5 67.
Bc6 Kd6 68. Bb5 Kd5 69. Kd3 Ke5 70. Bc6 Kd6 71. Bb5 Kc7 72. Ke2 Kd8 73. Kd3 Ke7
74. Ke2 Kf6 75. Kd3 Kg5 76. Ke2 Kh4 77. Bc6 Kg3 78. Bb5 Kg2 79. Bc6+ Kg1 80. Bb5
Bd4 81. Bc6 Kh2 82. Bb5 Kg3 83. Bc6 Kf4 84. Bb5 Ke5 85. Bc6 Bc5 86. Bb5 Kd4 87.
Ba6 Kc3 88. Bb5 Kb3 89. Bc6 {Game drawn by mutual agreement} 1/2-1/2

[Event "Team 45 45 League T72"]
[Site "Internet Chess Club"]
[Date "2017.04.01"]
[Round "3"]
[White "Monterrey"]
[Black "captainX"]
[Result "1-0"]
[WhiteElo "1953"]
[BlackElo "2079"]
[Opening "QGD: semi-Slav"]
[ECO "D31"]
[Time "13:04:25"]
[TimeControl "2700+45"]

1. d4 e6 2. c4 d5 3. Nc3 c6 4. e3 Nd7 5. Nf3 f5 6. Bd3 Ngf6 7. O-O Bd6 8. b3 Ne4
9. Bb2 Qf6 10. Nd2 O-O 11. f4 g5 12. Bxe4 fxe4 13. Qg4 h5 14. Qxh5 gxf4 15.
Ncxe4 dxe4 16. Nxe4 Qe7 17. Nxd6 Qxd6 18. Qg6+ Kh8 19. Rf3 {Black resigns} 1-0

[Event "Team 45 45 League T72"]
[Site "Internet Chess Club"]
[Date "2017.03.30"]
[Round "3"]
[White "TheRailgun"]
[Black "LooneyBinJim"]
[Result "1/2-1/2"]
[WhiteElo "1851"]
[BlackElo "1789"]
[Opening "Caro-Kann: Tartakower (fantasy) variation"]
[ECO "B12"]
[Time "20:06:05"]
[TimeControl "2700+45"]

1. e4 c6 2. d4 d5 3. f3 dxe4 4. fxe4 e5 5. Nf3 Bg4 6. Bc4 Nd7 7. O-O Ngf6 8. c3
Bd6 9. Qb3 O-O 10. Qxb7 exd4 11. cxd4 Nb6 12. Bd3 Bxf3 13. gxf3 Bf4 14. Bxf4
Qxd4+ 15. Rf2 Qxd3 16. Nc3 Qd7 17. Qxd7 Nbxd7 18. Rd1 Rfe8 19. Na4 Ne5 20. Nc5
Nh5 21. Bxe5 Rxe5 22. Rfd2 Rg5+ 23. Kf2 g6 24. Nd7 Nf4 25. Nf6+ Kg7 26. Ng4 h5
27. Ke3 Ne6 28. Nf2 Rg2 29. Nd3 Rxd2 30. Rxd2 Rd8 31. Rc2 Rc8 {Game drawn by
mutual agreement} 1/2-1/2

[Event "Team 45 45 League T72"]
[Site "Internet Chess Club"]
[Date "2017.04.03"]
[Round "3"]
[White "LittleButton"]
[Black "vael"]
[Result "0-1"]
[WhiteElo "1865"]
[BlackElo "1994"]
[Opening "Queen's pawn game, Darooha variation "]
[ECO "D02"]
[Time "13:00:22"]
[TimeControl "2700+45"]

1. d4 d5 2. Nf3 Nf6 3. c4 e6 4. cxd5 exd5 5. Nc3 c6 6. Bg5 h6 7. Bh4 Be6 8. e3
Nbd7 9. Bd3 Bd6 10. O-O Qc7 11. Rb1 O-O 12. b4 Bg4 13. b5 Bxh2+ 14. Kh1 g5 15.
Bg3 Bxg3 16. fxg3 Nh5 17. Kg1 Nxg3 18. Rf2 Rfe8 19. Qc2 Qd6 20. bxc6 bxc6 21. e4
dxe4 22. Nxe4 Nxe4 23. Bxe4 Rac8 24. Rbf1 Bxf3 25. Bxf3 Re7 26. d5 Ne5 27. dxc6
Nxf3+ 28. Rxf3 Rxc6 29. Qb3 Qd4+ 30. Kh1 Rb6 31. Qc2 Rbe6 32. Rd3 Qe5 33. Rdf3
Qd6 34. Qf2 Re4 35. g3 Re2 36. Qg1 g4 37. Rf4 Qd5+ {White resigns} 0-1

[Event "Team 45 45 League T72"]
[Site "Internet Chess Club"]
[Date "2017.04.02"]
[Round "3"]
[White "charles-allen"]
[Black "laurenpar"]
[Result "0-1"]
[WhiteElo "1859"]
[BlackElo "1927"]
[Opening "French: exchange variation"]
[ECO "C01"]
[Time "22:01:09"]
[TimeControl "2700+45"]

1. e4 e6 2. d4 d5 3. exd5 exd5 4. c4 Bb4+ 5. Nc3 Nf6 6. Bd3 O-O 7. Ne2 dxc4 8.
Bxc4 Bd6 9. h3 h6 10. O-O a6 11. a4 Bf5 12. Nf4 Nc6 13. Ncd5 Bxf4 14. Nxf6+ Qxf6
15. Bxf4 Qxd4 16. Qxd4 Nxd4 17. Be5 Be6 18. Rac1 c5 19. Bd6 Rfc8 20. Bd3 c4 21.
Be5 Nf3+ 22. gxf3 cxd3 23. Kg2 Rc2 24. Bc3 Rd8 25. Rfd1 Rxc1 26. Rxc1 Bb3 27.
Bd2 Bxa4 28. Rc4 Bb5 29. Rg4 Kh7 30. Re4 f6 31. Kf1 Rd5 32. Ke1 Rh5 33. h4 g5
34. Re7+ Kg6 35. Re4 Rxh4 36. Rxh4 gxh4 37. Kf1 h3 38. Kg1 h5 39. Kh2 Bd7 40. f4
Bf5 41. Kg3 Kf7 42. Kh2 Ke6 43. Kg3 Kd5 44. f3 Kc4 45. Bc3 Kb3 46. Kf2 Kc2 47.
Kg3 d2 {White resigns} 0-1

[Event "Team 45 45 League T72"]
[Site "Internet Chess Club"]
[Date "2017.04.02"]
[Round "3"]
[White "roji"]
[Black "fledermaus"]
[Result "1/2-1/2"]
[WhiteElo "1887"]
[BlackElo "1882"]
[Opening "Queen's pawn, Mason variation, Steinitz counter-gambit"]
[ECO "D00"]
[Time "09:00:31"]
[TimeControl "2700+45"]

1. d4 d5 2. Bf4 c5 3. c3 Nc6 4. e3 Qb6 5. Qb3 Nf6 6. Nd2 Bf5 7. dxc5 Qxb3 8.
Nxb3 e5 9. Bg3 Nd7 10. Nf3 f6 11. O-O-O Be6 12. Bb5 {Game drawn by mutual
agreement} 1/2-1/2

[Event "Team 45 45 League T72"]
[Site "Internet Chess Club"]
[Date "2017.04.03"]
[Round "3"]
[White "jonesey"]
[Black "drbishop"]
[Result "1-0"]
[WhiteElo "1896"]
[BlackElo "1708"]
[Opening "French: Winawer, advance, poisoned pawn, Konstantinopolsky variation"]
[ECO "C18"]
[Time "19:04:48"]
[TimeControl "2700+45"]

1. e4 e6 2. d4 d5 3. Nc3 Bb4 4. e5 c5 5. a3 Bxc3+ 6. bxc3 Ne7 7. Qg4 Qc7 8. Qxg7
Rg8 9. Qxh7 cxd4 10. Ne2 dxc3 11. f4 Nbc6 12. Qd3 Bd7 13. Qxc3 Nf5 14. g3 Rc8
15. Bh3 Nce7 16. Qxc7 Rxc7 17. g4 Nh4 18. Rb1 Ba4 19. c3 Bc2 20. Rb4 Nc6 21. Rb2
Be4 22. Rf1 Nf3+ 23. Kf2 Nxh2 24. Rg1 Nf3 25. Rg3 Nh4 26. Be3 Na5 27. Bxa7 Nc4
28. Rb4 Nxa3 29. Nd4 Nc2 30. Nxc2 Bxc2 31. Bb8 Rc4 32. Bf1 Rxb4 33. cxb4 Ba4 34.
Bd6 Kd7 35. Ra3 b5 36. Rc3 Rc8 37. Rxc8 Kxc8 38. Kg3 Ng6 39. f5 exf5 40. gxf5
Bc2 41. fxg6 Bxg6 42. Bxb5 d4 43. Kf3 Kb7 44. Ke2 Kb6 45. Bd3 Bh5+ 46. Kd2 Kc6
47. Be4+ Kd7 48. Kd3 f6 49. Kxd4 fxe5+ 50. Bxe5 Be2 51. Kc5 Kc8 52. b5 Bxb5 53.
Kxb5 Kd7 54. Bf5+ Ke7 55. Kc6 Kf7 56. Kd7 Kf8 57. Bg6 Kg8 58. Ke6 Kf8 59. Kf6
Kg8 60. Bd6 Kh8 61. Bb1 Kg8 62. Kg6 Kh8 63. Ba3 Kg8 64. Ba2+ {Black resigns} 1-0

[Event "Team 45 45 League T72"]
[Site "Internet Chess Club"]
[Date "2017.03.31"]
[Round "3"]
[White "WillC"]
[Black "LazyPeon"]
[Result "0-1"]
[WhiteElo "1613"]
[BlackElo "1573"]
[Opening "Queen's pawn game"]
[ECO "A46"]
[Time "16:01:18"]
[TimeControl "2700+45"]

1. d4 Nf6 2. Nf3 c5 3. e3 g6 4. Be2 Bg7 5. O-O O-O 6. b3 b6 7. Bb2 Bb7 8. Nbd2
d6 9. c4 cxd4 10. exd4 e6 11. Rc1 Nbd7 12. Ba3 Qc7 13. Re1 Rac8 14. Bd3 Rfd8 15.
Qe2 Qb8 16. Bb2 d5 17. Ne5 Nxe5 18. dxe5 Nd7 19. f4 Nc5 20. Bb1 Rd7 21. cxd5
Bxd5 22. b4 Na4 23. Rxc8+ Qxc8 24. Rc1 Qb7 25. Ba1 Bf8 26. a3 a5 27. Be4 axb4
28. Bxd5 Qxd5 29. Ne4 Be7 30. axb4 b5 31. h3 Nb6 32. Nc3 Qd4+ 33. Qf2 Qxb4 34.
Qf3 Rc7 35. Ne2 Rxc1+ 36. Nxc1 Qe1+ 37. Qf1 Bc5+ {White resigns} 0-1

[Event "Team 45 45 League T72"]
[Site "Internet Chess Club"]
[Date "2017.04.02"]
[Round "3"]
[White "LookImYourVader"]
[Black "justice02"]
[Result "1-0"]
[WhiteElo "1769"]
[BlackElo "1656"]
[Opening "French defense, Steiner variation"]
[ECO "C00"]
[Time "15:04:13"]
[TimeControl "2700+45"]

1. e4 e6 2. c4 d5 3. cxd5 exd5 4. exd5 Qxd5 5. Nc3 Qe5+ 6. Be2 Bg4 7. d4 Bxe2 8.
Qxe2 Qxe2+ 9. Ngxe2 Nc6 10. O-O O-O-O 11. Rd1 Nge7 12. a3 Nf5 13. d5 Ne5 14. Bf4
f6 15. Bxe5 fxe5 16. Rac1 a6 17. Ne4 Be7 18. N2g3 Nd4 19. Kf1 Rxd5 20. Nf5 Bf6
21. Nxf6 gxf6 22. Ne7+ Kb8 23. Nxd5 c6 24. Nxf6 Kc7 25. Nd5+ Kd6 26. Ne3 Ke6 27.
Re1 Rf8 28. Ng4 Rf5 29. Rc5 Kd6 30. Rcxe5 Rf4 31. R5e4 {Black resigns} 1-0

[Event "Team 45 45 League T72"]
[Site "Internet Chess Club"]
[Date "2017.04.03"]
[Round "3"]
[White "laurenpar"]
[Black "SlimeDog2"]
[Result "0-1"]
[WhiteElo "1918"]
[BlackElo "2102"]
[Opening "English: Anglo-Grünfeld defense"]
[ECO "A16"]
[Time "23:00:38"]
[TimeControl "2700+45"]

1. c4 Nf6 2. Nc3 d5 3. cxd5 Nxd5 4. g3 Nxc3 5. bxc3 g6 6. Bg2 Bg7 7. Nf3 O-O 8.
O-O c5 9. Rb1 Nc6 10. Qa4 Qc7 11. d4 Bd7 12. Qb3 cxd4 13. cxd4 Bf5 14. Qxb7 Rac8
15. Rb5 Nxd4 16. Nxd4 Bxd4 17. Bb2 Bb6 18. Qf3 Qc2 19. Ba1 Rfd8 20. h4 Qc4 21.
Rxf5 gxf5 22. Qxf5 Rc5 23. Qf3 f6 24. e3 Qxa2 25. Qg4+ Kh8 26. Be4 Qf7 27. Bf5
Rc4 28. Qf3 Rd2 29. Kh1 Rc5 30. Be4 Qc4 31. Kg1 Ra5 32. h5 Qf7 33. Bc3 Rdd5 34.
Bxa5 Rxa5 35. g4 Kg7 36. Qf4 Rg5 37. Bd3 Qxh5 38. f3 Qh4 39. Kg2 Ra5 40. Rh1
Ra2+ {White resigns} 0-1

[Event "Team 45 45 League T72"]
[Site "Internet Chess Club"]
[Date "2017.04.03"]
[Round "3"]
[White "Rhel"]
[Black "cadmiumorange"]
[Result "1/2-1/2"]
[WhiteElo "1776"]
[BlackElo "1836"]
[Opening "Modern defense"]
[ECO "A40"]
[Time "15:03:59"]
[TimeControl "2700+45"]

1. d4 g6 2. Bf4 d6 3. Nf3 Bg7 4. e3 c6 5. c3 Bg4 6. Be2 Nd7 7. Nbd2 e5 8. dxe5
dxe5 9. Bg3 Nh6 10. e4 Qe7 11. h3 Be6 12. Nc4 Bxc4 13. Bxc4 O-O 14. O-O b5 {Game
drawn by mutual agreement} 1/2-1/2

[Event "Team 45 45 League T72"]
[Site "Internet Chess Club"]
[Date "2017.04.01"]
[Round "3"]
[White "volodia80"]
[Black "qs16"]
[Result "1/2-1/2"]
[WhiteElo "1689"]
[BlackElo "1676"]
[Opening "Sicilian: Alapin's variation (2.c3)"]
[ECO "B22"]
[Time "16:01:37"]
[TimeControl "2700+45"]

1. e4 c5 2. c3 Nc6 3. d4 cxd4 4. cxd4 e6 5. Nf3 d5 6. e5 Bb4+ 7. Nc3 Nge7 8. Bd3
Nf5 9. Be3 a6 10. O-O Nxe3 11. fxe3 O-O 12. Qc2 h6 13. Qf2 Bd7 14. Qg3 f5 15.
exf6 Rxf6 16. Ne5 Nxe5 17. dxe5 Rxf1+ 18. Rxf1 Qg5 19. Qxg5 hxg5 20. Ne2 Bd2 21.
Rf3 Rf8 22. Bh7+ Kxh7 23. Rxf8 Bxe3+ 24. Kf1 Bb5 25. Ke1 d4 26. Rd8 d3 27. Nc3
d2+ 28. Kd1 Bc6 29. g3 Bf3+ 30. Ne2 g4 31. Rd6 Bd5 32. Nc3 Bf3+ 33. Kc2 b5 34.
b4 a5 35. a3 axb4 36. axb4 Bg1 37. Rxd2 Be3 38. Nxb5 Kg6 39. Rd6 Be4+ 40. Kb3
Kf5 41. Nc3 Bf3 42. Rd7 g5 43. b5 Kxe5 44. Na4 Bd5+ 45. Kb4 Bd2+ 46. Kc5 Be3+
47. Kb4 Bd2+ 48. Ka3 Bc1+ 49. Nb2 Be3 50. Ka4 Bb6 51. Nd3+ Kf6 52. Nb4 Be4 53.
Nc6 Bd5 54. Rb7 Bg1 55. Rh7 Bb6 56. Kb4 Be4 57. Rh8 Kg7 58. Re8 Kf7 59. Rc8 Kf6
60. Na5 Bd5 61. Nc4 Bg1 62. Ka5 Bxh2 63. b6 Bxg3 64. Ne3 Bb7 65. Rg8 Be1+ 66.
Kb5 g3 67. Rf8+ Ke7 68. Rf1 Bf2 69. Rc1 g2 70. Nxg2 Bxg2 71. Rc2 Bxb6 72. Kxb6
Bf3 73. Kc5 Kf6 74. Kd4 Kf5 75. Ke3 g4 76. Rf2 e5 77. Rxf3+ gxf3 78. Kxf3 e4+
79. Ke3 Ke5 80. Ke2 Kf4 81. Kf2 Ke5 82. Ke3 Kd5 83. Ke2 Kc4 84. Ke3 Kd5 85. Ke2
Ke5 86. Ke3 Kf5 87. Ke2 Kf4 88. Kf2 e3+ 89. Ke2 Ke4 90. Ke1 Kd3 91. Kd1 e2+ 92.
Ke1 Ke3 {White stalemated} 1/2-1/2